 Dungeon Crawl Stone Soup version 0.21.1-1-g345015fe64 (webtiles) character file.

114355 Htamos the Severer (level 16, -8/157 HPs)
             Began as a Hill Orc Fighter on July 6, 2018.
             Was the Champion of Beogh.
             Drowned by a drowned soul (17 damage)
             ... summoned by a merfolk avatar
             ... on level 4 of the Shoals.
             The game lasted 01:51:48 (26874 turns).

Htamos the Severer (Hill Orc Fighter)              Turns: 26874, Time: 01:51:49

Health: -8/157     AC: 36    Str: 26    XL:     16   Next: 65%
Magic:  25/25      EV: 10    Int:  8    God:    Beogh [******]
Gold:   2330       SH:  0    Dex: 24    Spells: 13/15 levels left

rFire    x . .     SeeInvis .   m - +0 demon whip (drain)
rCold    + . .     Gourm    .   (no shield)
rNeg     + + .     Faith    .   p - +5 plate armour
rPois    .         Spirit   .   A - +2 helmet
rElec    +         Reflect  .   J - +2 cloak
rCorr    +         Harm     .   Y - +1 pair of gloves "Waof" {rC- rN+ rCorr Dex+2}
MR       ++...                  o - +0 pair of boots
Stlth    ..........             h - amulet of Weakk {+Rage rC+ Dex+9}
HPRegen  0.76/turn              K - ring "Guprih" {Ice Slay+2}
MPRegen  0.19/turn              W - ring "Kohi" {+Blink rElec rN+ MP+9 Dex+3}

@: no status effects
A: walk on water, molten scales 1, magic resistance 1, regeneration 1
a: Smiting, Recall Orcish Followers, Give Item to Named Follower, Resurrection,
Renounce Religion, Evoke Blink, Evoke Berserk Rage


You were on level 4 of the Shoals.
You worshipped Beogh.
Beogh was exalted by your worship.
You were not hungry.

You visited 3 branches of the dungeon, and saw 24 of its levels.
You also visited: Sewer and Bailey.

You collected 2655 gold pieces.
You spent 325 gold pieces at shops.

Inventory:

Hand Weapons
 m - a +0 demon whip of draining (weapon)
 B - a +1 battleaxe of flaming
 N - a +3 eveningstar of protection
Armour
 o - a +0 pair of boots (worn)
 p - a +5 plate armour (worn)
 A - a +2 helmet (worn)
 J - a +2 cloak (worn)
 Y - the +1 pair of gloves "Waof" (worn) {rC- rN+ rCorr Dex+2}
   (You found it on level 1 of the Lair of Beasts)

   It affects your dexterity (+2).
   It makes you vulnerable to cold.
   It protects you from negative energy.
   It protects you from acid and corrosion.
Jewellery
 h - the amulet of Weakk (around neck) {+Rage rC+ Dex+9}
   (You found it on level 4 of the Lair of Beasts)

   [amulet of rage]

   It affects your dexterity (+9).
   It protects you from cold.
   It lets you go berserk.
 w - an uncursed ring of ice
 x - an uncursed ring of see invisible
 y - an uncursed ring of stealth {unknown}
 H - a +5 ring of strength
 K - the ring "Guprih" (left hand) {Ice Slay+2}
   (You found it on level 7 of the Dungeon)

   [ring of ice]

   It enhances your ice magic.
   It affects your accuracy and damage with ranged weapons and melee attacks
   (+2).
   It makes you vulnerable to fire.
   It protects you from cold.
 U - an uncursed ring of protection from magic
 W - the ring "Kohi" (right hand) {+Blink rElec rN+ MP+9 Dex+3}
   (You found it on level 1 of the Lair of Beasts)

   [ring of magical power]

   It affects your dexterity (+3).
   It insulates you from electricity.
   It protects you from negative energy.
   It affects your magic capacity (+9).
   It lets you blink.
Wands
 a - a wand of acid (19)
 j - a wand of polymorph (18)
 k - a wand of flame (48)
 t - a wand of enslavement (23)
 C - a wand of disintegration (48)
 F - a wand of scattershot (1)
 I - a wand of iceblast (32)
 L - a wand of clouds (7)
 M - a wand of random effects (70)
 R - a wand of digging (50)
 X - a wand of paralysis (12)
Scrolls
 c - 7 scrolls of teleportation
 q - 13 scrolls of remove curse
 z - 3 scrolls of fear
 O - 9 scrolls of identify
 Q - 2 scrolls of blinking
Potions
 b - 4 potions of lignification
 i - 2 potions of magic
 r - 2 potions of flight
 s - 2 potions of agility
 u - 2 potions of brilliance
Books
 l - a book of Minor Magic

   Spells                             Type                      Level
   a - Magic Dart                     Conjuration                  1
   b - Blink                          Translocation                2
   c - Call Imp                       Summoning                    2
   d - Slow                           Hexes                        2
   e - Conjure Flame                  Conjuration/Fire             3
   f - Mephitic Cloud                 Conjuration/Poison/Air       3
 n - a book of Maledictions

   Spells                             Type                      Level
   a - Corona                         Hexes                        1
   b - Ensorcelled Hibernation        Hexes/Ice                    2
   c - Confuse                        Hexes                        3
   d - Tukima's Dance                 Hexes                        3
   e - Dazzling Spray                 Conjuration/Hexes            3
 S - a book of Air

   Spells                             Type                      Level
   a - Shock                          Conjuration/Air              1
   b - Swiftness                      Charms/Air                   2
   c - Static Discharge               Conjuration/Air              3
   d - Airstrike                      Air                          4
   e - Lightning Bolt                 Conjuration/Air              5
 T - a book of Necromancy

   Spells                             Type                      Level
   a - Pain                           Necromancy                   1
   b - Animate Skeleton               Necromancy                   1
   c - Vampiric Draining              Necromancy                   3
   d - Regeneration                   Charms/Necromancy            3
   e - Animate Dead                   Necromancy                   4
   f - Borgnjor's Vile Clutch         Necromancy/Earth             5
 V - a book of Spatial Translocations

   Spells                             Type                      Level
   a - Blink                          Translocation                2
   b - Shroud of Golubria             Charms/Translocation         2
   c - Lesser Beckoning               Translocation                3
   d - Gell's Gravitas                Translocation                3
   e - Teleport Other                 Translocation                3
   f - Passage of Golubria            Translocation                4
Miscellaneous
 g - a phantom mirror
 E - a phial of floods
 P - a lamp of fire
 Z - a lamp of fire
Comestibles
 f - 23 rations


   Skills:
 * Level 17.9 Fighting
 - Level 19.2(20.0) Axes
 - Level 8.8(13.7) Maces & Flails
 * Level 16.1 Armour
 - Level 2.2 Dodging
   Level 8.1 Shields
 - Level 4.5 Translocations
 - Level 1.0 Invocations


You had 13 spell levels left.
You knew the following spells:

 Your Spells              Type           Power        Failure   Level  Hunger
a - Blink                 Tloc           N/A          54%         2    ###....


Dungeon Overview and Level Annotations

Branches:
Dungeon (14/15)            Temple (0/1) D:5            Lair (6/6) D:11
 Shoals (4/4) Lair:3        Snake (0/4) Lair:3        Slime (0/5) Lair:6
    Orc (0/2) D:9          Vaults (0/5) D:14

Altars:
Elyvilon
Fedhas
Kikubaaqudgha
Nemelex Xobeh
Qazlal
Uskayaw
Vehumet
Xom
The Shining One
Jiyva

Shops:
D:7 :   D:12 *   Shoals:2 (%!

Annotations:
D:2 Crazy Yiuf
D:11 exclusion: orange crystal statue, Urug
Shoals:2 exclusion: 2 ice statues


Innate Abilities, Weirdness & Mutations

You can walk on water.
You are partially covered in molten scales. (AC +2)
You are resistant to hostile enchantments. (MR+)
Your natural rate of healing is unusually fast.


Message History

You feel a little less agile now.
Your resistance to elements expires.
The merfolk hits you from afar with a trident!
* * * LOW HITPOINT WARNING * * *
The snapping turtle bites you but does no damage.
The snapping turtle closely misses you.
You swap places.
The merfolk avatar chants a haunting song.
You resist.
The merfolk barely misses your orc priest.
Something barely misses your orc wizard.
You hear a splash. x2
Your orc splashes around in the water.
You hear a splashing noise.
Something bites your orc!!
Your orc dies!
You hear a splash. x2
Your orc priest splashes around in the water.
Your orc priest mumbles some strange prayers to Beogh against something.
The drowned soul touches you. The drowned soul drowns you!
You die...

≈≈≈≈≈≈≈≈oo)# ≈≈≈≈≈≈≈≈t≈#
≈≈≈≈≈W≈t##tt≈#
≈≈≈≈≈≈≈≈##≈≈m≈...
≈≈≈≈≈≈≈≈≈##≈#≈#.#
≈≈≈≈≈≈≈≈≈# ≈% ≈≈
≈≈≈≈≈≈≈≈## ≈#≈ .#
≈≈≈≈≈≈≈≈# ≈≈≈ ≈
≈≈W≈≈≈≈@### # ≈≈
≈≈≈≈≈≈≈≈≈.## ####≈≈
≈≈≈≈≈≈≈≈≈.≈##.#≈#≈≈≈≈≈≈
≈≈≈≈≈≈≈≈≈......≈≈≈≈≈≈≈##
≈≈≈≈≈≈≈≈≈≈≈≈≈≈≈.≈≈≈≈≈≈≈≈
≈≈≈≈≈≈≈≈≈≈≈≈≈≈≈.≈≈≈≈≈≈≈≈
≈≈≈≈≈≈≈≈≈≈≈≈≈≈≈.≈≈≈≈≈≈≈≈
≈≈≈≈≈≈≈≈≈≈≈≈P≈≈.≈≈≈≈≈≈≈≈
≈≈≈≈≈......P...≈≈†≈≈≈≈≈


You could see 2 snapping turtles and 2 drowned souls.

Vanquished Creatures
  Mara (Shoals:4)
  Bai Suzhen (Shoals:4)
  Frances (D:14)
  Kirke (D:14)
  Ilsuiw (Shoals:3)
  Aizul (Shoals:1)
  2 merfolk javelineers (Shoals:4)
  4 merfolk impalers
  6 hydras
  Erica (D:10)
  2 merfolk avatars
  3 merfolk aquamancers
  2 two-headed ogres
  A centaur warrior (D:14)
  A satyr (Shoals:4)
  2 death yaks (Lair:6)
  An unseen horror (D:14)
  The ghost of Dyme the Cudgeler, a novice TrBe of Trog (D:4)
  4 sea snakes
  13 harpies
  4 deep elf magi
  A lindwurm (Lair:6)
  12 ugly things
  4 cyclopes
  A wolf spider zombie (D:14)
  10 manticores
  An oklob plant (Lair:1)
  19 fauns
  4 elephants (Lair:6)
  Maurice (D:11)
  3 black mambas
  8 merfolk sirens
  9 spiny frogs
  A water nymph (Shoals:3)
  Psyche (D:8)
  2 rime drakes
  A kobold demonologist (D:14)
  A yaktaur (shapeshifter) (D:13)
  A komodo dragon (Lair:4)
  22 merfolk
  A meliai (shapeshifter) (D:14)
  2 wind drakes
  2 trolls
  2 polar bears
  2 slime creatures (D:13)
  5 blink frogs
  8 snapping turtles
  11 hippogriffs
  4 water elementals
  A wyvern (D:12)
  A vampire (D:14)
  44 yaks
  A hungry ghost (D:9)
  2 basilisks
  3 hogs (D:14)
  Grum (D:8)
  Menkaure (D:5)
  A soldier ant (D:12)
  5 nagas (Lair:3)
  11 water moccasins
  3 porcupines
  3 sky beasts
  2 ice beasts
  11 orc warriors
  2 black bears
  3 necrophages
  6 ogres
  A phantom (D:13)
  11 centaurs
  15 crocodiles
  9 wolves
  2 big kobolds
  10 bullfrogs
  2 gnoll sergeants
  6 scorpions
  2 water moccasin skeletons
  6 wights
  65 killer bees
  2 howler monkeys
  6 crimson imps
  2 lava snakes (D:7)
  3 centaur zombies
  A quasit (D:7)
  2 bullfrog zombies
  5 centaur skeletons
  2 gnoll shamans
  5 orc priests
  6 hounds
  5 jellies
  10 orc wizards
  2 bullfrog skeletons
  3 iguanas
  5 worker ants
  A hound zombie (D:7)
  8 adders
  15 gnolls
  A river rat (D:3)
  6 shadow imps
  5 oozes
  An adder skeleton (D:9)
  An adder zombie (D:5)
  7 worms
  3 leopard geckos
  53 orcs
  7 bats
  6 giant cockroaches
  7 hobgoblins
  17 jackals
  6 quokkas
  4 frilled lizards
  10 goblins
  28 kobolds
  A leopard gecko skeleton (D:6)
  A leopard gecko zombie (D:6)
  A quokka skeleton (D:4)
  2 quokka zombies
  14 rats
  A fungus (Lair:3)
  10 plants
697 creatures vanquished.

Vanquished Creatures (collateral kills)
  3 hydras
  3 catoblepae
  The ghost of Fascinator the Grappler, a journeyman DrTm of Hepliaklqana (D:11)
  A deep troll shaman (Lair:6)
  A two-headed ogre (D:12)
  2 death yaks (Lair:6)
  Urug (D:11)
  Sonja (Lair:4)
  A sea snake (Shoals:1)
  A wizard (D:14)
  A harpy (Shoals:2)
  An ugly thing (D:12)
  2 manticores
  A faun (Shoals:1)
  3 oklob plants (Lair:1)
  A merfolk siren (Shoals:1)
  4 elephants (Lair:6)
  A centaur zombie (D:12)
  A spiny frog (Lair:6)
  A gargoyle (D:10)
  A rime drake (shapeshifter) (D:14)
  A rime drake (Lair:4)
  An efreet (D:13)
  A komodo dragon (Lair:6)
  4 blink frogs
  A hippogriff (Lair:5)
  A water elemental (Shoals:1)
  10 yaks
  An acid dragon (D:14)
  3 porcupines
  An orc warrior (D:12)
  5 wolves
  A crocodile (Lair:5)
  A big kobold (D:13)
  2 bullfrogs
  A killer bee (Lair:2)
  2 wights (D:10)
  A hound (D:10)
  A gnoll (D:10)
  A shadow imp (D:12)
  2 jackals (D:10)
  5 kobolds (D:13)
  2 fungi (Lair:5)
  4 plants
84 creatures vanquished.

Vanquished Creatures (others)
  2 orc sorcerers
  5 orc knights
  An orc warrior (D:13)
  A human (D:14)
  A crimson imp (D:5)
  7 orc priests
  2 orc wizards
  14 orcs
  A fungus (Lair:2)
  10 plants
44 creatures vanquished.

Grand Total: 825 creatures vanquished

Notes
Turn   | Place    | Note
-------+----------+-------------------------------------------
     0 | D:1      | Htamos the Hill Orc Fighter began the quest for the Orb.
     0 | D:1      | Reached XP level 1. HP: 19/19 MP: 1/1
   205 | D:1      | Found a glowing golden altar of the Shining One.
   250 | D:1      | Reached XP level 2. HP: 27/27 MP: 2/2
   274 | D:1      | Reached skill level 3 in Axes
   611 | D:2      | Reached XP level 3. HP: 31/33 MP: 3/3
   719 | D:2      | Found a shimmering altar of Xom.
   857 | D:2      | Reached skill level 4 in Axes
  1039 | D:2      | Found an ancient bone altar of Kikubaaqudgha.
  1168 | D:2      | Reached XP level 4. HP: 32/40 MP: 4/4
  1236 | D:3      | Reached skill level 5 in Axes
  1314 | D:3      | Reached XP level 5. HP: 46/46 MP: 5/5
  1509 | D:3      | Found a glowing drain.
  1519 | Sewer    | Entered a sewer
  1567 | Sewer    | Noticed a crocodile
  1572 | Sewer    | Killed a crocodile
  1572 | Sewer    | Reached skill level 6 in Axes
  1572 | Sewer    | Reached XP level 6. HP: 34/53 MP: 6/6
  1948 | D:3      | Found a white marble altar of Elyvilon.
  1999 | D:3      | Found a runed door.
  2099 | D:3      | Noticed Crazy Yiuf
  2101 | D:3      | Paralysed by Crazy Yiuf for 2 turns
  2774 | D:4      | Reached skill level 7 in Axes
  2967 | D:4      | Reached XP level 7. HP: 56/60 MP: 7/7
  2981 | D:4      | Found a sparkling altar of Nemelex Xobeh.
  3181 | D:4      | Noticed Dyme's ghost (novice TrBe)
  3476 | D:4      | Killed Dyme's ghost
  3476 | D:4      | Reached skill level 5 in Fighting
  3476 | D:4      | Reached skill level 10 in Axes
  3476 | D:4      | Reached XP level 8. HP: 49/68 MP: 8/8
  3634 | D:4      | Found a radiant altar of Vehumet.
  3639 | D:4      | Found a stormy altar of Qazlal.
  3825 | D:4      | Found a glowing golden altar of the Shining One.
  3976 | D:5      | Entered Level 5 of the Dungeon
  3994 | D:5      | Became a worshipper of Beogh the Brigand
  4118 | D:5      | Noticed Menkaure
  4466 | D:5      | You fall through a shaft for 3 floors!
  4591 | D:8      | Reached skill level 11 in Axes
  4591 | D:8      | Reached skill level 5 in Armour
  4629 | D:8      | Noticed Grum
  4629 | D:8      | Noticed a hippogriff
  4652 | D:8      | Killed a hippogriff
  4652 | D:8      | Reached skill level 5 in Shields
  4652 | D:8      | Reached XP level 9. HP: 48/75 MP: 9/9
  4663 | D:8      | Reached skill level 12 in Axes
  4675 | D:8      | Killed Grum
  4908 | D:8      | Noticed Psyche
  4916 | D:8      | Killed Psyche
  4916 | D:8      | Reached skill level 1 in Dodging
  5048 | D:5      | Found a staircase to the Ecumenical Temple.
  5125 | D:5      | Killed Menkaure
  5739 | D:6      | Reached skill level 13 in Axes
  5827 | D:6      | Reached * piety under Beogh
  6469 | D:7      | Found a hide-covered altar of Uskayaw.
  6513 | D:7      | Found Kupleukh's Book Emporium.
  6606 | D:7      | Reached XP level 10. HP: 83/84 MP: 10/10
  6815 | D:7      | Found a transporter.
  6916 | D:7      | Found a blossoming altar of Fedhas.
  6920 | D:7      | Reached ** piety under Beogh
  6925 | D:7      | Reached skill level 14 in Axes
  7465 | D:7      | Got a shimmering gossamer ring
  7480 | D:7      | Found a transporter.
  7804 | D:8      | Reached *** piety under Beogh
  8313 | D:9      | Found a staircase to the Orcish Mines.
  8718 | D:10     | Entered Level 10 of the Dungeon
  8800 | D:10     | Reached skill level 15 in Axes
  8882 | D:10     | Reached **** piety under Beogh
  8987 | D:10     | Noticed Erica
  9002 | D:10     | Killed Erica
  9002 | D:10     | Reached XP level 11. HP: 75/95 MP: 11/11
  9123 | D:10     | Noticed a cyan ugly thing
  9128 | D:10     | Killed a cyan ugly thing
  9128 | D:10     | Reached skill level 16 in Axes
  9167 | D:10     | Noticed a two-headed ogre
  9168 | D:10     | Noticed Maurice
  9168 | D:10     | Noticed a two-headed ogre
  9236 | D:11     | Noticed an orange crystal statue
  9242 | D:11     | Killed Maurice
  9248 | D:11     | Identified the ring "Guprih" {Ice Slay+2} (You found it on level 7 of the Dungeon)
  9761 | D:11     | Noticed Urug
  9824 | D:11     | Your ally died
 10050 | D:11     | Noticed a cyclops
 10073 | D:11     | Killed a cyclops
 10081 | D:11     | Identified a scroll of acquirement
 10097 | D:11     | Gained mutation: Potions are less effective at restoring your health. [potion of mutation]
 10097 | D:11     | Gained mutation: Your natural rate of healing is unusually fast. [potion of mutation]
 10120 | D:11     | Found a staircase to the Lair.
 10132 | D:11     | Noticed a two-headed ogre
 10145 | D:11     | Killed a two-headed ogre
 10145 | D:11     | Reached skill level 1 in Maces & Flails
 10918 | D:11     | Noticed Fascinator's ghost (journeyman DrTm)
 10924 | D:11     | Killed Fascinator's ghost
 11156 | D:12     | Noticed a two-headed ogre
 11169 | D:12     | Killed a two-headed ogre
 11180 | D:12     | Found Ufoiliuw's General Store.
 11202 | D:12     | Gained Arbeogh as an ally
 11247 | D:12     | Noticed a red ugly thing
 11248 | D:12     | Noticed a green ugly thing
 11256 | D:12     | Killed a red ugly thing
 11256 | D:12     | Reached skill level 10 in Fighting
 11260 | D:12     | Reached XP level 12. HP: 77/106 MP: 12/12
 11440 | D:12     | Noticed a six-headed hydra
 11444 | D:12     | Killed a four-headed hydra
 11458 | D:12     | Noticed a two-headed ogre
 11466 | D:12     | Killed a two-headed ogre
 11483 | D:12     | Reached ***** piety under Beogh
 11602 | D:12     | Noticed a seven-headed hydra
 11610 | D:12     | Killed a four-headed hydra
 11610 | D:12     | Reached skill level 5 in Maces & Flails
 11744 | D:12     | Found a flagged portal.
 11802 | Bailey   | Entered a bailey
 11849 | Bailey   | Found a burning altar of Makhleb.
 12150 | D:13     | Gained Bogwik as an ally
 12151 | D:13     | Reached skill level 10 in Armour
 12204 | D:13     | Your ally Arbeogh died
 12482 | D:13     | Noticed an eight-headed hydra
 12489 | D:13     | Killed a six-headed hydra
 12683 | D:13     | Your ally Bogwik died
 12947 | D:13     | Reached XP level 13. HP: 90/119 MP: 13/13
 13221 | D:14     | Noticed Kirke
 13226 | D:14     | Gained Bogwald as an ally
 13243 | D:14     | Killed Kirke
 13269 | D:14     | Noticed Frances
 13284 | D:14     | Killed Frances
 13432 | D:14     | Your ally Bogwald died
 13874 | D:14     | Reached ****** piety under Beogh
 14251 | D:14     | Found a gate to the Vaults.
 14572 | D:14     | Got a pair of twisted gloves
 14583 | D:14     | Identified the +1 pair of gloves of the Will of the Gods {rCorr} (You found it on level 14 of the Dungeon)
 14708 | Lair:1   | Entered Level 1 of the Lair of Beasts
 15355 | Lair:1   | Got a scorched ivory ring
 15372 | Lair:1   | Reached skill level 15 in Fighting
 15372 | Lair:1   | Reached XP level 14. HP: 122/135 MP: 14/14
 15702 | Lair:1   | Got a pair of brightly glowing gloves
 15718 | Lair:1   | Identified the +1 pair of gloves "Waof" {rC- rN+ rCorr Dex+2} (You found it on level 1 of the Lair of Beasts)
 15730 | Lair:1   | Identified the ring "Kohi" {+Blink rElec rN+ MP+9 Dex+3} (You found it on level 1 of the Lair of Beasts)
 15807 | Lair:2   | Lost mutation: Potions are less effective at restoring your health. [potion of mutation]
 15807 | Lair:2   | Gained mutation: You are partially covered in molten scales. (AC +2) [potion of mutation]
 15807 | Lair:2   | Gained mutation: You are resistant to hostile enchantments. (MR+) [potion of mutation]
 16534 | Lair:2   | Gained Orkwin as an ally
 16984 | Lair:3   | Found a staircase to the Snake Pit.
 17257 | Lair:3   | Found a staircase to the Shoals.
 17679 | Lair:4   | Noticed Sonja
 17687 | Lair:4   | Killed Sonja
 18085 | Lair:4   | Got a scorched tin amulet
 18086 | Lair:4   | Identified the amulet of Weakk {+Rage rC+ Dex+9} (You found it on level 4 of the Lair of Beasts)
 18756 | Lair:5   | Reached skill level 17 in Axes
 19104 | Lair:5   | Found a dark tunnel.
 19343 | Lair:6   | Entered Level 6 of the Lair of Beasts
 19366 | Lair:6   | Gained Harm as an ally
 19440 | Lair:6   | Learned a level 2 spell: Blink
 19554 | Lair:6   | Found a runed door.
 19556 | Lair:6   | Found a viscous altar of Jiyva.
 19559 | Lair:6   | Found a staircase to the Slime Pits.
 19846 | Lair:6   | Reached skill level 1 in Translocations
 19988 | Lair:6   | Reached XP level 15. HP: 144/144 MP: 15/15
 22102 | Shoals:1 | Entered Level 1 of the Shoals
 22402 | Shoals:1 | Reached skill level 18 in Axes
 22522 | Shoals:1 | Your ally Harm died
 22528 | Shoals:1 | Your ally Orkwin died
 22651 | Shoals:1 | Noticed Aizul
 22664 | Shoals:1 | Killed Aizul
 23590 | Shoals:2 | Found a frozen archway.
 23647 | Shoals:2 | Found Orhawn's Distillery.
 23655 | Shoals:2 | Bought 2 potions of heal wounds for 130 gold pieces
 23655 | Shoals:2 | Bought a potion of heal wounds for 65 gold pieces
 23655 | Shoals:2 | Bought a potion of heal wounds for 65 gold pieces
 23655 | Shoals:2 | Bought a potion of heal wounds for 65 gold pieces
 23682 | Shoals:2 | Found Veol's Weapon Shoppe.
 23906 | Shoals:2 | Reached skill level 15 in Armour
 23973 | Shoals:2 | Found Gadal's Food Emporium.
 24767 | Shoals:3 | Reached XP level 16. HP: 79/152 MP: 16/16
 24778 | Shoals:3 | Reached skill level 19 in Axes
 25474 | Shoals:4 | Entered Level 4 of the Shoals
 25474 | Shoals:4 | Noticed Ilsuiw
 25556 | Shoals:3 | Killed Ilsuiw
 26032 | Shoals:4 | Noticed Bai Suzhen
 26059 | Shoals:4 | Killed Bai Suzhen
 26059 | Shoals:4 | Reached skill level 1 in Invocations
 26347 | Shoals:4 | Noticed Mara
 26353 | Shoals:4 | Noticed Htamos's illusion
 26447 | Shoals:4 | Noticed Htamos's illusion
 26583 | Shoals:4 | Killed Mara
 26860 | Shoals:4 | HP: 7/235 [snapping turtle (16)]
 26866 | Shoals:4 | HP: 2/157 [merfolk/trident (9)]
 26874 | Shoals:4 | Drowned by a drowned soul

Skill      XL: |  1  2  3  4  5  6  7  8  9 10 11 12 13 14 15 16 |
---------------+-------------------------------------------------+-----
Axes           | 3 4 5 6 7 10 11 13 15 16 17 18 19 | 19.2
Fighting       | 4 5 6 8 10 12 15 16 17 | 17.9
Armour         | 4 5 6 7 9 10 12 14 15 16 | 16.1
Shields        | 4 5 6 7 8 |  8.1
Dodging        | 1 2 |  2.2
Maces & Flails | 3 6 8 |  8.8
Translocations | 1 3 4 |  4.5
Invocations    | 1 |  1.0

Action                   |  1- 3 |  4- 6 |  7- 9 | 10-12 | 13-15 | 16-18 || total
-------------------------+-------+-------+-------+-------+-------+-------++-------
Melee: War axe           |   114 |   161 |   341 |   531 |       |       ||  1147
       Unarmed           |       |     4 |       |       |       |       ||     4
       Battleaxe         |       |       |       |   229 |   917 |   145 ||  1291
       Demon whip        |       |       |       |       |       |    83 ||    83
Invok: Convert to Beogh  |       |       |     1 |       |       |       ||     1
       Recall Orcish Fol |       |       |       |       |     4 |       ||     4
       Give Item to Name |       |       |       |       |     1 |       ||     1
       Smiting           |       |       |       |       |       |     8 ||     8
Evoke: Wand              |       |       |     1 |    10 |    19 |       ||    30
       Phial of floods   |       |       |       |     1 |     1 |       ||     2
       Lamp of fire      |       |       |       |     1 |     1 |       ||     2
  Use: Scroll            |       |       |    17 |    12 |    19 |     1 ||    49
       Potion            |       |       |     3 |     6 |    17 |    17 ||    43
 Stab: Distracted        |       |       |       |     4 |     3 |       ||     7
       Paralysed         |       |       |       |       |     4 |       ||     4
       Petrified         |       |       |       |       |     1 |       ||     1
  Eat: Chunk             |       |     4 |     8 |    12 |    28 |     3 ||    55
       Ration            |       |     1 |     1 |     3 |     3 |     1 ||     9
Armor: Scale mail        |    16 |       |       |       |       |       ||    16
       Chain mail        |    39 |    39 |       |       |       |       ||    78
       Plate armour      |       |    59 |   169 |   431 |   702 |   226 ||  1587
       Skin              |       |       |       |       |    28 |    53 ||    81
Dodge: Dodged            |    33 |    24 |    35 |   193 |   363 |   131 ||   779
Block: Shield            |    62 |    85 |   148 |   218 |       |       ||   513
       Other             |       |       |       |       |    42 |       ||    42
